 Dungeon Crawl Stone Soup version 0.29.1-1-gd02db6906a (webtiles) character file.

Game seed: 11179520127486489095

1740 Colgate the Frost Mage (level 9, 0/73 HPs)
             Began as a Barachi Ice Elementalist on Oct 9, 2022.
             Was an Elder of Wu Jian.
             Slain by an iguana (7 damage)
             ... on level 6 of the Dungeon.
             The game lasted 00:29:57 (7535 turns).

Colgate the Frost Mage (Barachi Ice Elementalist)   Turns: 7535, Time: 00:29:58

Health: 0/73       AC:  5    Str:  9    XL:     9   Next: 5%
Magic:  3/13       EV: 13    Int: 21    God:    Wu Jian [****..]
Gold:   301        SH:  0    Dex: 12    Spells: 3/14 levels left

rFire   . . .      SeeInvis .   a - +1 short sword (speed)
rCold   + . .      Faith    .   (no shield)
rNeg    . . .      Spirit   .   n - +0 robe
rPois   .          Reflect  .   y - +0 helmet
rElec   .          Harm     .   (no cloak)
rCorr   .          Rampage  .   o - +0 pair of gloves
Will    .....                   u - +0 pair of boots
Stlth   ++........              (no amulet)
HPRegen 0.22/turn               j - ring of ice
MPRegen 0.13/turn               l - ring of protection from fire

@: unable to hop, mesmerised, slow
A: amphibious, slowness 1, strong legs 1, +LOS
a: Hop, Renounce Religion, Wall Jump, Serpent's Lash


You were on level 6 of the Dungeon.
You worshipped Wu Jian.
Wu Jian was greatly pleased with you.
You visited 2 branches of the dungeon, and saw 7 of its levels.

You collected 301 gold pieces.

Inventory:

Hand Weapons
 a - a +1 short sword of speed (weapon)
 b - a +2 dagger of venom
Missiles
 h - 4 curare-tipped darts
 r - a throwing net {!f}
Armour
 c - a +0 kite shield
 n - a +0 robe (worn)
 o - a +0 pair of gloves (worn)
 u - a +0 pair of boots (worn)
 y - a +0 helmet (worn)
 B - a +1 pair of gloves
Magical Staves
 A - a staff of air
Jewellery
 j - a ring of ice (left hand)
 l - a ring of protection from fire (right hand)
 w - a ring of fire
Scrolls
 f - a scroll of magic mapping {unknown}
 g - 2 scrolls of vulnerability
 i - a scroll of enchant armour {unknown}
 m - a scroll of brand weapon {unknown}
 t - a scroll of noise {unknown}
 x - a scroll of poison {unknown}
 z - a scroll of immolation {unknown}
 C - a scroll of identify {unknown}
 D - a scroll of teleportation {unknown}
Potions
 d - a potion of magic
 e - a potion of degeneration {unknown}
 k - a potion of invisibility {unknown}
 p - a potion of resistance {unknown}
 q - a potion of attraction {unknown}
 s - 2 potions of might {unknown}
 v - 3 potions of berserk rage {unknown}


   Skills:
 + Level 7.7 Fighting
 - Level 3.4 Dodging
 - Level 1.7 Stealth
 - Level 3.1 Spellcasting
 - Level 7.1 Conjurations
 - Level 8.1 Ice Magic


You had 3 spell levels left.
You knew the following spells:

 Your Spells              Type           Power      Damage    Failure   Level
a - Freeze                Ice            100%       1d11      1%          1
b - Frozen Ramparts       Ice            100%       1d16      1%          3
c - Hailstorm             Conj/Ice       52%        3d12      6%          4
d - Ozocubu's Armour      Ice            54%        N/A       1%          3

Your spell library contained the following spells:

 Spells                   Type           Power      Damage    Failure   Level
 Summon Forest            Summ/Tloc      1%         N/A       98%         5
 Summon Mana Viper        Hex/Summ       3%         N/A       98%         5
 Summon Cactus Giant      Summ           1%         N/A       100%        6


Dungeon Overview and Level Annotations

Branches:
Dungeon (6/15)             Temple (1/1) D:5

Altars:
Ashenzari
Elyvilon
Fedhas
Hepliaklqana
Kikubaaqudgha
Makhleb
Nemelex Xobeh
Okawaru
Ru
Sif Muna
Trog
Vehumet
Wu Jian
Xom
Yredelemnul
The Shining One

Shops:
D:1 :   D:2 *

Annotations:
D:6 Maggie


Innate Abilities, Weirdness & Mutations

You are amphibious.
You cover ground slowly.
You can hop short distances.
You have an extended range of vision and can be seen from far away.


Message History

You hit Maggie but do no damage. You hit Maggie but do no damage.
Maggie points at you and mumbles some strange words.
The bolt of fire misses you.
You barely miss Maggie. Your punch misses Maggie.
An iguana comes into view.
Maggie hits you with a +1 morningstar of pain!
You writhe in agony.
You hit Maggie but do no damage. You hit Maggie but do no damage.
You break out of your daze.
Maggie barely misses you.
You closely miss Maggie. Maggie misses you.
You hit Maggie.
Maggie hits you with a +1 morningstar of pain!
You hit Maggie but do no damage. You hit Maggie but do no damage.
Maggie barely misses you.
You hit Maggie.
Maggie points at you and mumbles some strange words.
The bolt of fire hits you!
You hit Maggie but do no damage. You hit Maggie but do no damage.
You punch Maggie, but do no damage.
Maggie hits you with a +1 morningstar of pain!
* * * LOW HITPOINT WARNING * * *
You writhe in agony.
* * * LOW HITPOINT WARNING * * *
You hit Maggie.
Maggie gestures wildly while chanting.
Maggie attempts to bespell you!
You are mesmerised by Maggie!
You hit Maggie but do no damage. The iguana closely misses you.
Maggie closely misses you.
You hit Maggie but do no damage. You closely miss Maggie.
Maggie hits you with a +1 morningstar of pain.
* * * LOW HITPOINT WARNING * * *
You writhe in agony.
* * * LOW HITPOINT WARNING * * *
The iguana bites you!
You die...

#......^....#
##..........#
###........##
##........##
#.....$...##
##.........##
#..........######..
#.........@........
##........@..##
#........l...#
#.............#
##...$........#
#............#
#...........##
#.........###
#....###### ...)#


You could see Maggie (mesmerising) and an iguana.

Vanquished Creatures
  A water moccasin (D:5)
  2 ice beasts
  3 ogres (D:4)
  A centaur (D:5)
  A kobold brigand (D:6)
  A bullfrog (D:6)
  2 scorpions (D:5)
  A wight (D:6)
  4 killer bees (D:5)
  A howler monkey (D:6)
  A crimson imp (D:5)
  2 hounds
  A jelly (D:5)
  An orc priest (D:5)
  Jessica (D:2)
  2 iguanas
  5 orc wizards
  4 gnolls (D:3)
  10 adders
  A white imp (D:5)
  An ufetubus (D:6)
  2 worms
  4 dart slugs
  12 orcs
  8 bats
  9 endoplasms
  3 giant cockroaches
  8 goblins
  8 hobgoblins
  2 jackals (D:4)
  5 quokkas
  7 ball pythons
  3 frilled lizards
  16 kobolds
  3 rats (D:2)
136 creatures vanquished.

Notes
Turn   | Place    | Note
-------+----------+-------------------------------------------
     0 | D:1      | Colgate the Barachi Ice Elementalist began the quest for
                  | the Orb.
     0 | D:1      | Reached XP level 1. HP: 13/13 MP: 3/3
    33 | D:1      | Reached skill level 5 in Ice Magic
   213 | D:1      | Reached XP level 2. HP: 12/19 MP: 1/5
   523 | D:1      | Found a faded altar of an unknown god.
   532 | D:1      | Prayed at the altar of an unknown god.
   532 | D:1      | Became a worshipper of the Wu Jian Council
   532 | D:1      | Reached * piety under Wu Jian
   941 | D:1      | Reached XP level 3. HP: 24/24 MP: 6/6
   945 | D:1      | Learned a level 3 spell: Frozen Ramparts
   953 | D:1      | Found Uxtez's Book Emporium.
   956 | D:1      | Reached skill level 6 in Ice Magic
  1444 | D:2      | Reached ** piety under Wu Jian
  1615 | D:2      | Found Torgh's Assorted Antiques.
  1618 | D:2      | Noticed Jessica
  1624 | D:2      | Killed Jessica
  1625 | D:2      | Reached XP level 4. HP: 29/30 MP: 5/7
  1733 | D:2      | Reached skill level 7 in Ice Magic
  2003 | D:2      | Reached skill level 1 in Conjurations
  2259 | D:2      | Reached XP level 5. HP: 35/35 MP: 4/8
  2340 | D:2      | Learned a level 4 spell: Hailstorm
  3326 | D:3      | Reached XP level 6. HP: 41/41 MP: 5/9
  3486 | D:3      | Found a hide-covered altar of Uskayaw.
  3516 | D:3      | Found a shimmering altar of Xom.
  3516 | D:3      | Found a snail-covered altar of Cheibriados.
  3517 | D:3      | Found a glowing silver altar of Zin.
  3517 | D:3      | Found a shimmering altar of Xom.
  3517 | D:3      | Found a shimmering altar of Xom.
  3699 | D:4      | Reached *** piety under Wu Jian
  3804 | D:4      | Found a radiant altar of Vehumet.
  3931 | D:4      | Reached skill level 5 in Conjurations
  4096 | D:4      | Reached XP level 7. HP: 46/46 MP: 2/10
  4763 | D:4      | Found an iron altar of Okawaru.
  4800 | D:5      | Entered Level 5 of the Dungeon
  4951 | D:5      | Reached skill level 8 in Ice Magic
  5252 | D:5      | Found a staircase to the Ecumenical Temple.
  5263 | Temple   | Entered the Ecumenical Temple
  5654 | D:5      | Reached XP level 8. HP: 52/52 MP: 2/12
  5663 | Temple   | Learned a level 3 spell: Ozocubu's Armour
  5862 | D:5      | Reached skill level 1 in Fighting
  5984 | D:5      | Reached skill level 5 in Fighting
  6435 | D:5      | Reached **** piety under Wu Jian
  6768 | D:5      | Found a burning altar of Makhleb.
  7313 | D:6      | Reached XP level 9. HP: 72/72 MP: 1/13
  7508 | D:6      | Noticed Maggie
  7535 | D:6      | Slain by an iguana

Illustrated notes

Levels and vault maps discovered:
D:1:      dpeg_arrival_refuge, layout_loops_ring, serial_shops,
          nicolae_shop_stone, basic_ecumenical_altar,
          nicolae_figureground_sparkle
D:2:      layout_loops_cross, serial_shops, shop, uniq_jessica
D:3:      layout_loops_ring, doesnt_xom_only_xom
D:4:      layout_loops_ring, nicolae_vehumet_radiance, kennysheep_little_box,
          abandoned_shop
D:5:      layout_cave_pools, makhleb_grotto_becter, temple_pool_b,
          feat_on_display
D:6:      layout_cave_pods, enter_ossuary_4, uniq_maggie, uniq_edmund
Temple:   nicolae_temple_godzebo

Skill      XL: |  1  2  3  4  5  6  7  8 |
---------------+-------------------------+-----
Ice Magic      | 5 6 7 8 |  8.1
Conjurations   | 1 3 6 7 |  7.1
Spellcasting   | 3 |  3.1
Fighting       | 7 |  7.7
Dodging        | 3 |  3.4
Stealth        | |  1.7

Action                   |  1- 3 |  4- 6 |  7- 9 || total
-------------------------+-------+-------+-------++-------
Melee: Unarmed           |     3 |       |       ||     3
       Punch             |     1 |       |     3 ||     4
       Dagger            |    10 |     9 |     7 ||    26
       Short sword       |       |       |    44 ||    44
 Cast: Freeze            |    40 |     9 |    18 ||    67
       Frozen Ramparts   |     3 |    30 |    18 ||    51
       Hailstorm         |       |     4 |    25 ||    29
       Ozocubu's Armour  |       |       |     3 ||     3
Invok: Lunge             |     6 |     1 |       ||     7
       Whirlwind         |       |       |     3 ||     3
 Abil: Hop               |     3 |     1 |     5 ||     9
  Use: Scroll            |       |       |     1 ||     1
 Stab: Sleeping          |     6 |       |       ||     6
Armor: Robe              |    10 |     6 |    21 ||    37
Dodge: Dodged            |    17 |     5 |    55 ||    77
